 Dungeon Crawl Stone Soup version 0.30.0-18-gc0e69614cb (webtiles) character file.

Game seed: 12187686568081758954

3362 cheesebisquit the Ruffian (level 9, -1/84 HPs)
             Began as a Troll Warper on May 25, 2023.
             Was a Believer of Okawaru.
             Killed from afar by an acid dragon (16 damage)
             ... with a splash of acid
             ... on level 9 of the Dungeon.
             The game lasted 00:34:34 (8629 turns).

cheesebisquit the Ruffian (Troll Warper)            Turns: 8629, Time: 00:34:34

Health: -1/84      AC: -3    Str: 21    XL:     9   Next: 73%
Magic:  19/21      EV: 12    Int: 13    God:    Okawaru [**....]
Gold:   450        SH:  0    Dex:  9    Spells: 0/14 levels left

rFire   . .          .
                       - Unarmed
rCold   . . .        (no shield)
rNeg    . . .        a - +0 robe
rPois   .            (helmet restricted)
rElec   .            (no cloak)
rCorr   .            (gloves unavailable)
SInv    .            (boots unavailable)
Will    .....        (no amulet)
Stlth   +++          g - ring of magical power
HPRegen 1.14/turn    C - ring of wizardry
MPRegen 0.17/turn

%: wizardry (x1)
@: mighty, heroic, corroded, invisible
A: large, unfitting armour, claws 3, regeneration 1, shaggy fur 1, tough skin 1
a: Renounce Religion, Heroism


You were on level 9 of the Dungeon.
You worshipped Okawaru.
Okawaru was pleased with you.
You visited 2 branches of the dungeon, and saw 10 of its levels.
You also visited: Sewer.

You collected 450 gold pieces.

Inventory:

Hand Weapons
 k - the +4 falchion "Nexokuop" {heavy, rC++ rN+ rCorr Str+3}
   (You found it on level 2 of the Dungeon)

   Str:       It affects your strength (+3).
   rC:        It greatly protects you from cold.
   rN:        It protects you from negative energy.
   rCorr:     It protects you from acid and corrosion.
 p - a +0 short sword
 G - a +0 giant spiked club
Missiles
 c - 6 boomerangs of dispersal
 r - a curare-tipped dart
 t - 29 poisoned darts
 v - 3 javelins (quivered)
 I - a throwing net
Armour
 a - a +0 robe (worn)
 H - a +0 kite shield
Jewellery
 g - a ring of magical power (left claw)
 y - a ring of magical power
 C - a ring of wizardry (right claw)
Wands
 B - a wand of digging (4)
 M - a wand of flame (38)
Scrolls
 b - 4 scrolls of blinking
 e - 4 scrolls of fog
 f - a scroll of enchant armour {unknown}
 j - 2 scrolls of poison
 n - a scroll of summoning {unknown}
 s - a scroll of vulnerability
 w - a scroll of teleportation
 x - 4 scrolls of amnesia
 z - 2 scrolls of magic mapping
 D - a scroll of immolation
 F - a scroll of enchant weapon {unknown}
 J - a scroll of fear {unknown}
Potions
 d - a potion of berserk rage
 h - 4 potions of lignification
 i - 3 potions of curing
 l - a potion of invisibility
 o - 2 potions of magic
 q - 2 potions of cancellation
 u - a potion of mutation
 A - a potion of attraction
 K - a potion of brilliance
 L - a potion of haste {unknown}


   Skills:
 + Level 4.1(9.1) Fighting
 + Level 4.2(9.2) Throwing
 + Level 4.3(9.3) Dodging
 + Level 2.6(7.6) Stealth
 * Level 7.1(12.1) Unarmed Combat
 + Level 3.1 Spellcasting
 + Level 4.2 Translocations
 + Level 2.3 Air Magic


You couldn't memorise any spells.
You knew the following spells:

 Your Spells              Type           Power      Damage    Failure   Level
a - Blink                 Tloc           24%        N/A       2%          2
b - Lesser Beckoning      Tloc           24%        N/A       2%          2
c - Teleport Other        Tloc           12%        N/A       4%          3
d - Vhi's Electric Charg  Tloc/Air       20%        N/A       7%          3
e - Manifold Assault      Tloc           12%        N/A       16%         4

Your spell library contained the following spells:

 Spells                   Type           Power      Damage    Failure   Level
 Inner Flame              Hex/Fire       2%         N/A       26%         3
 Ozocubu's Armour         Ice            2%         N/A       26%         3
 Stone Arrow              Conj/Erth      4%         3d7       26%         3
 Yara's Violent Unravell  Hex/Tmut       1%         3d3       91%         5
 Enfeeble                 Hex            1%         N/A       100%        7
 Ozocubu's Refrigeration  Ice            1%         4d7       100%        7
 Lehudib's Crystal Spear  Conj/Erth      1%         10d2      100%        8
 Animate Armour           Summ/Erth      Unusable   N/A       N/A         4

Dungeon Overview and Level Annotations

Branches:
Dungeon (9/15)             Temple (1/1) D:5           Sewer (visited)
   Lair: D:8-11         Orc: D:9-12

Altars:
Ashenzari
Cheibriados
Dithmenos
Elyvilon
Fedhas
Gozag
Hepliaklqana
Kikubaaqudgha
Makhleb
Nemelex Xobeh
Okawaru
Ru
Sif Muna
Uskayaw
Vehumet
Wu Jian
Xom
Yredelemnul
Zin
The Shining One

Shops:
D:6 (

Annotations:
D:2 1 runed translucent door, Crazy Yiuf
D:7 3 runed translucent doors, Monkooky's ghost, novice MiFi


Innate Abilities, Weirdness & Mutations

You are too large for most types of armour.
You have claws for hands.
Your natural rate of healing is unusually fast.
You are covered in fur. (AC +1)
You have tough skin. (AC +1)


Message History

You feel much better. The acid dragon bites you!
The acid dragon barely misses you.
You scratch the acid dragon but do no damage.
The acid dragon is lightly wounded.
The acid dragon bites you. The acid dragon barely misses you.
A kobold brigand comes into view.
It is wielding a +0 whip and quivering poisoned darts.
You feel much better. The acid dragon closely misses you.
The acid dragon claws you.
The acid dragon attacks as you move away!
The acid dragon bites you. The acid dragon misses you.
There is an open door here.
The acid dragon attacks as you move away!
The acid dragon bites you! The acid dragon barely misses you.
You barely miss the acid dragon.
The acid dragon is lightly wounded.
The acid dragon closely misses you. The acid dragon claws you.
You closely miss the acid dragon.
The acid dragon is lightly wounded.
You barely miss the acid dragon. You claw the acid dragon!
The acid dragon is heavily wounded.
The acid dragon closely misses you. The acid dragon claws you.
You claw the acid dragon!
The acid dragon is almost dead.
The acid dragon spits acid at you. The splash of acid hits you!!
* * * LOW HITPOINT WARNING * * *
You gain the combat prowess of a mighty hero.
The acid dragon barely misses you. x2
You feel better. The acid dragon completely misses you.
The acid dragon claws you.
* * * LOW HITPOINT WARNING * * *
You fade into invisibility!
The acid dragon closely misses you. The acid dragon misses you.
The kobold throws a stone.
The stone closely misses the acid dragon.
The stone closely misses you.
You feel very mighty all of a sudden. The acid dragon spits acid at you.
The splash of acid hits you!
You die...

.....# #..# ..... ...
####+##... ...### #..
######......... ##.# #..
#....#.###..... .# #.#
#....#.###..... #K##
#....#......... #####K.
####.#.........
#.....#######.##'#######
#.#@...............#
#KD................#
#.....#................'
#.....##################
........ ..###... . ....
######


You could see an acid dragon (unable to see you, catching breath) and a kobold
(unable to see you).

Vanquished Creatures
  Pikel (D:5)
  A hornet (D:8)
  A wyvern (D:8)
  Eustachio (D:6)
  2 steam dragons (D:8)
  A black bear (D:4)
  4 ice beasts
  An ogre (D:5)
  2 centaurs
  3 phantoms
  3 lemures (D:5)
  2 bullfrogs
  3 kobold brigands
  A gnoll sergeant (D:6)
  2 scorpions
  A howler monkey (D:5)
  2 orc priests
  A hound (D:7)
  2 jellies
  A sleepcap (D:5)
  An orc wizard (D:8)
  4 iguanas
  9 gnolls
  7 adders
  7 river rats
  A shadow imp (D:5)
  3 worms
  3 dart slugs
  11 orcs
  4 ball pythons
  6 bats
  10 endoplasms
  4 giant cockroaches
  8 goblins
  4 hobgoblins
  6 jackals
  3 quokkas
  7 frilled lizards
  38 kobolds
  29 rats
200 creatures vanquished.

Notes
Turn   | Place    | Note
-------+----------+-------------------------------------------
     0 | D:1      | cheesebisquit the Troll Warper began the quest for the Orb.
     0 | D:1      | Reached XP level 1. HP: 19/19 MP: 1/1
   108 | D:1      | Reached skill level 1 in Throwing
   113 | D:1      | Reached XP level 2. HP: 27/27 MP: 3/3
   348 | D:1      | Reached XP level 3. HP: 35/35 MP: 4/4
  1245 | D:2      | Identified the +4 falchion "Nexokuop" {heavy, rC++ rN+
                  | rCorr Str+3}
  1552 | D:2      | Reached XP level 4. HP: 37/42 MP: 5/5
  1610 | D:2      | Found a runed translucent door.
  1611 | D:2      | Noticed Crazy Yiuf
  1793 | D:2      | Learned a level 2 spell: Blink
  1796 | D:2      | Learned a level 2 spell: Lesser Beckoning
  1946 | D:3      | Reached skill level 3 in Unarmed Combat
  1965 | D:3      | Found a glowing drain.
  1969 | Sewer    | Entered a sewer
  2140 | Sewer    | Reached XP level 5. HP: 23/49 MP: 6/6
  2353 | Sewer    | Reached XP level 6. HP: 31/57 MP: 7/7
  3251 | D:3      | Learned a level 3 spell: Teleport Other
  3385 | D:4      | Reached skill level 1 in Stealth
  3385 | D:4      | Reached skill level 4 in Unarmed Combat
  3998 | D:5      | Entered Level 5 of the Dungeon
  4004 | D:5      | Reached XP level 7. HP: 66/66 MP: 9/9
  4154 | D:5      | Learned a level 3 spell: Vhi's Electric Charge
  4318 | D:5      | Noticed Pikel
  4341 | D:5      | Killed Pikel
  4342 | D:5      | Reached skill level 5 in Unarmed Combat
  4342 | D:5      | Reached skill level 1 in Air Magic
  4342 | D:5      | Reached XP level 8. HP: 46/75 MP: 10/10
  4636 | D:5      | Found a snail-covered altar of Cheibriados.
  4816 | D:5      | Found a staircase to the Ecumenical Temple.
  4825 | Temple   | Entered the Ecumenical Temple
  4856 | Temple   | Became a worshipper of Warmaster Okawaru
  5079 | D:6      | Found Wauhirap's Antique Weapon Emporium.
  5269 | D:6      | Found an opulent altar of Gozag.
  5270 | D:6      | Found a burning altar of Makhleb.
  5270 | D:6      | Found a blossoming altar of Fedhas.
  5585 | D:6      | Found a sacrificial altar of Ru.
  5664 | D:6      | Reached skill level 6 in Unarmed Combat
  5736 | D:6      | Reached * piety under Okawaru
  5793 | D:6      | Noticed Eustachio
  5803 | D:6      | Killed Eustachio
  5804 | D:6      | Reached XP level 9. HP: 83/83 MP: 12/12
  6676 | D:7      | Noticed Monkooky's ghost (novice MiFi)
  6709 | D:7      | Found a runed translucent gate.
  6710 | D:7      | Found a runed translucent gate.
  6712 | D:7      | Found a runed translucent gate.
  7358 | D:8      | Paralysed by a hornet for 2 turns
  7472 | D:8      | Learned a level 4 spell: Manifold Assault
  7626 | D:8      | Reached ** piety under Okawaru
  7961 | D:8      | Reached skill level 7 in Unarmed Combat
  8629 | D:9      | Killed from afar by an acid dragon

Illustrated notes

Levels and vault maps discovered:
D:1:      shiori_arrival_maze, layout_basic, st_stairs_1
D:2:      minmay_door_path, layout_rooms, minmay_heptomino_w4,
          uniq_crazy_yiuf_cottage
D:3:      layout_rooms, gup_sewer_entry_bowl, minmay_crystal_water,
          serial_park_tiny_pond, kennysheep_donut
D:4:      layout_rooms, chequers_serial_rivers_small_3
D:5:      layout_rooms, cheibrodos_worm_habitat, lemuel_temple_firewalk_b,
          ebering_dispersal_statue_hall, uniq_pikel
D:6:      layout_basic, grunt_temple_overflow_open,
          nicolae_ru_sacrificial_ziggurat, serial_aquarium,
          aquarium_bridge_straight [aquarium_subvault_bridge,
          aquarium_subvault_wall, aquarium_subvault_bridge,
          aquarium_subvault_balcony], aquarium_bridge_long_separate
          [aquarium_subvault_bridge, aquarium_subvault_bridge,
          aquarium_subvault_wall, aquarium_subvault_wall,
          aquarium_subvault_bridge, aquarium_subvault_wall],
          aquarium_window_fake, aquarium_window_3, aquarium_window_2,
          aquarium_view_2d, aquarium_view_2g, aquarium_pool_1,
          chequers_serial_rivers_large_a, dreamdust_princess_bridge,
          minmay_shop_grid_forest, uniq_eustachio
D:7:      layout_loops_ring, gammafunk_ghost_split
D:8:      layout_basic, serial_curves, eino_curves_03, eino_curves_01,
          lightli_orcish_oven
D:9:      layout_stronghold, minmay_unpleasant_kobolds
Temple:   hellmonk_temple_two_chambers

Skill      XL: |  1  2  3  4  5  6  7  8  9 |
---------------+----------------------------+-----
Throwing       | 1 2 3 4 |  4.2
Dodging        | 2 3 4 |  4.3
Unarmed Combat | 3 4 5 6 7 |  7.1
Fighting       | 2 3 4 |  4.1
Stealth        | 1 2 |  2.6
Spellcasting   | 2 3 |  3.1
Translocations | 3 4 |  4.2
Air Magic      | 1 2 |  2.3

Action                     |  1- 3 |  4- 6 |  7- 9 || total
---------------------------+-------+-------+-------++-------
  Melee: Unarmed           |   129 |   237 |   277 ||   643
         Punch             |     3 |     1 |     9 ||    13
  Throw: Dart              |       |    31 |    77 ||   108
         Throwing net      |       |       |     4 ||     4
         Javelin           |       |       |     5 ||     5
         Boomerang         |       |       |     1 ||     1
 Invoke: Heroism           |       |       |     2 ||     2
    Use: Potion            |       |     2 |     6 ||     8
         Scroll            |       |     6 |    12 ||    18
   Stab: Sleeping          |     3 |     2 |     1 ||     6
         Invisible         |       |     4 |       ||     4
         Held in net/web   |       |       |     1 ||     1
 Armour: Robe              |    24 |    81 |    51 ||   156
  Dodge: Dodged            |    54 |   137 |   130 ||   321
